 Dungeon Crawl Stone Soup version 0.31-a0-152-g6aa68a64a1 (webtiles) character file.

Game seed: 2759998775536363635

360 qw the Shooter (level 6, -7/53 HPs)
             Began as a Minotaur Hunter on June 9, 2023.
             Mangled by Duvessa
             ... wielding a +0 short sword
              (9 damage)
             ... on level 4 of the Dungeon.
             The game lasted 00:01:15 (2570 turns).

qw the Shooter (Minotaur Hunter)                    Turns: 2570, Time: 00:01:16

Health: -7/53      AC:  5    Str: 16    XL:     6   Next: 38%
Magic:  5/5        EV: 11    Int:  6    God:
Gold:   211        SH:  0    Dex: 15    Spells: 5/5 levels left

rFire   + . .        Y - +0 shortbow
rCold   . . .        (shield currently unavailable)
rNeg    . . .        b - +0 ring mail {rF+}
rPois   .            (helmet restricted)
rElec   .            (no cloak)
rCorr   .            (no gloves)
SInv    .            (no boots)
Will    .....        (no amulet)
Stlth   +            (no ring)
HPRegen 0.28/turn    (no ring)
MPRegen 0.09/turn

%: no passive effects
@: no status effects
A: horns 2, retaliatory headbutt
a: no special abilities


You were on level 4 of the Dungeon.
You visited 1 branch of the dungeon, and saw 4 of its levels.

You collected 211 gold pieces.


Innate Abilities, Weirdness & Mutations

You have a pair of horns on your head.
You reflexively headbutt those who attack you in melee.


   Skills:
 - Level 4.4 Fighting
 + Level 7.6 Ranged Weapons
 - Level 1.1 Armour
 - Level 2.1 Dodging
 - Level 0.7 Stealth


You had 5 spell levels left.
You didn't know any spells.
Your spell library was empty.

Inventory:

Hand Weapons
 Y - a +0 shortbow (weapon)
Armour
 b - a +0 ring mail of fire resistance (worn)
 c - the +2 leather armour of the Lily {+Inv}
   (You found it on level 2 of the Dungeon)

   +Inv:      It lets you turn invisible.
Scrolls
 f - a scroll of identify
Potions
 a - a potion of enlightenment {unknown}
 d - 5 potions of curing
 e - a potion of cancellation {unknown}
 g - 2 potions of brilliance {unknown}
 k - a potion of might {unknown}
 m - a potion of degeneration {unknown}
 n - a potion of haste {unknown}

Dungeon Overview and Level Annotations

Branches:
Dungeon (4/15)
 Temple: D:4-7

Altars:
Gozag

Annotations:
D:3 3 runed translucent doors, qw's ghost, amateur GrFi
D:4 3 runed translucent doors, Duvessa; qw's ghost, novice GrFi


Message History

Enter note:
Enter note:
Enter note: You shoot an arrow.
The arrow hits Dowan!
Dowan shouts!
Dowan is moderately wounded.
You shoot an arrow. The arrow hits Dowan.
Dowan is heavily wounded.
You shoot an arrow. The arrow closely misses Dowan.
Dowan points at you and mumbles some strange words.
You resist with some effort.
Duvessa, Sister of Dowan comes into view.
She is wielding a +0 short sword.
You shoot an arrow. The arrow hits Dowan!
Dowan is almost dead.
You shoot an arrow. The arrow hits Dowan.
You kill Dowan!
Duvessa screams in rage.
Duvessa goes berserk!
You shoot an arrow.
The arrow hits Duvessa but does no damage.
Duvessa hits you with a +0 short sword!
You shoot an arrow. The arrow barely misses Duvessa.
Duvessa hits you with a +0 short sword!
You shoot an arrow. The arrow hits Duvessa!
Duvessa is lightly wounded.
Duvessa hits you with a +0 short sword. Duvessa hits you with a +0 short sword!
You shoot an arrow. The arrow barely misses Duvessa.
Duvessa barely misses you. x2
You shoot an arrow.
The arrow hits Duvessa but does no damage.
Duvessa is lightly wounded.
Duvessa closely misses you.
You shoot an arrow.
The arrow hits Duvessa but does no damage.
Duvessa is lightly wounded.
Duvessa hits you with a +0 short sword! Duvessa hits you with a +0 short sword.
You shoot an arrow. The arrow hits Duvessa.
Duvessa is lightly wounded.
Duvessa closely misses you. Duvessa hits you with a +0 short sword!
You die...

..#######...# #.# ..#~#
#...# #.## ...~# #...#
#.## ...~# ###...# ##.##
...~###.>...# #..##
...~.......(############
#.###
#~.~###.#..............#
#.# #
.))~.#....#.####.e)..#
#.# #
#...........####@###
#.###
####.#.............#
##.##.
.........#####.#.#
#..... #.##....##.#
#.?... #.###. #
#.#####.# ###.### #.# ##
#.# #.# .# #.# # ..# #.#
# #.# .#.# #.# #.# #.#
#.####


You could see Duvessa (berserk).

Vanquished Creatures
  Dowan (D:4)
  A hound (D:4)
  A jelly (D:4)
  An orc priest (D:3)
  Jessica (D:3)
  A sleepcap (D:4)
  Robin (D:3)
  3 adders
  4 worms
  7 dart slugs
  3 orcs
  8 endoplasms
  3 giant cockroaches
  12 goblins
  7 hobgoblins
  11 jackals
  10 kobolds
  5 quokkas
  5 ball pythons
  7 bats
  7 frilled lizards
  6 rats
105 creatures vanquished.

Vanquished Creatures (others)
  A goblin (D:3)
1 creature vanquished.

Grand Total: 106 creatures vanquished

Notes
Turn   | Place    | Note
-------+----------+-------------------------------------------
     0 | D:1      | qw the Minotaur Hunter began the quest for the Orb.
     0 | D:1      | Reached XP level 1. HP: 18/18 MP: 0/0
     0 | D:1      | 0 ||| qw: Version: 0.2-a-122-gbc61b45
     0 | D:1      | 0 ||| qw: Game counter: 3267
     0 | D:1      | 0 ||| qw: Always use a shield: true
     0 | D:1      | 0 ||| qw: God list: Okawaru
     0 | D:1      | 0 ||| qw: Allow faded altars: false
     0 | D:1      | 0 ||| qw: Do Orc after D:15 true
     0 | D:1      | 0 ||| qw: Do second Lair branch before Depths: true
     0 | D:1      | 0 ||| qw: Lair rune preference: random
     0 | D:1      | 0 ||| qw: Plans: Normal
     0 | D:1      | 0 ||| PLANNING D:1-11
    98 | D:1      | Reached skill level 5 in Ranged Weapons
    98 | D:1      | Reached XP level 2. HP: 25/25 MP: 1/1
   117 | D:1      | 117 ||| Stepping ~*~*~tactically~*~*~ (outnumbered).
   131 | D:1      | Reached skill level 3 in Fighting
   199 | D:1      | Reached XP level 3. HP: 30/31 MP: 2/2
   427 | D:1      | 427 ||| UPGRADING to +0 ring mail.
   437 | D:1      | 437 ||| DROPPING +0 leather armour.
   438 | D:1      | 438 ||| READING scroll labelled UCELAV CUMI.
   439 | D:1      | 439 ||| READING 2 scrolls labelled GICUAQ OPHEUNTUSH.
   440 | D:1      | 440 ||| READING scroll labelled QOENIFYTEUH.
   441 | D:1      | 441 ||| DRINKING 2 amethyst potions.
   442 | D:1      | 442 ||| DROPPING scroll of butterflies.
   575 | D:2      | Reached skill level 1 in Armour
   737 | D:2      | Identified the +2 leather armour of the Lily {+Inv}
   802 | D:2      | Reached XP level 4. HP: 38/38 MP: 3/3
   934 | D:2      | 934 ||| Stepping ~*~*~tactically~*~*~ (outnumbered).
   936 | D:2      | 936 ||| Stepping ~*~*~tactically~*~*~ (outnumbered).
   943 | D:2      | Reached skill level 6 in Ranged Weapons
  1101 | D:2      | 1101 ||| UPGRADING to +2 leather armour of the Lily {+Inv}.
  1111 | D:2      | 1111 ||| DROPPING +0 ring mail.
  1112 | D:2      | 1112 ||| READING scroll labelled DIRYUBR UCSUGHERR.
  1113 | D:2      | 1113 ||| READING scroll labelled ECZOKI XAZYMYE.
  1114 | D:2      | 1114 ||| READING scroll labelled KOUFRU DOSU.
  1115 | D:2      | 1115 ||| READING scroll labelled GIAWOOLAFUF.
  1184 | D:2      | 1184 ||| READING 4 scrolls of identify.
  1184 | D:2      | 1184 ||| IDENTIFYING viscous silvery potion
  1185 | D:2      | 1185 ||| READING 3 scrolls of identify.
  1185 | D:2      | 1185 ||| IDENTIFYING murky coppery potion
  1186 | D:2      | 1186 ||| READING 2 scrolls of identify.
  1186 | D:2      | 1186 ||| IDENTIFYING emerald potion
  1187 | D:2      | 1187 ||| DROPPING potion of lignification.
  1188 | D:2      | 1188 ||| DROPPING potion of berserk rage.
  1189 | D:2      | 1189 ||| DROPPING potion of ambrosia.
  1351 | D:3      | 1351 ||| Stepping ~*~*~tactically~*~*~ (outnumbered).
  1374 | D:3      | 1374 ||| Stepping ~*~*~tactically~*~*~ (outnumbered).
  1383 | D:3      | Reached XP level 5. HP: 28/47 MP: 4/4
  1383 | D:3      | Noticed Robin
  1389 | D:3      | Killed Robin
  1407 | D:3      | HP: 10/47 [goblin/+0 dagger[Robin] (3)]
  1716 | D:3      | Found a runed translucent gate.
  1717 | D:3      | Found a runed translucent gate.
  1717 | D:3      | Found an opulent altar of Gozag.
  1766 | D:3      | Noticed Jessica
  1771 | D:3      | Killed Jessica
  1904 | D:3      | Found a runed translucent gate.
  1906 | D:3      | Noticed qw's ghost (amateur GrFi)
  2062 | D:3      | 2062 ||| UPGRADING to +0 ring mail of fire resistance.
  2072 | D:3      | 2072 ||| READING scroll labelled ZYES GEETTA.
  2217 | D:4      | Found a runed translucent gate.
  2222 | D:4      | Found a runed translucent gate.
  2222 | D:4      | Noticed qw's ghost (novice GrFi)
  2223 | D:4      | Found a runed translucent gate.
  2227 | D:4      | Identified the +1 ring mail of Resonant Happiness {rF+
                  | Str+3}
  2359 | D:4      | Reached skill level 7 in Ranged Weapons
  2359 | D:4      | Reached XP level 6. HP: 53/53 MP: 5/5
  2558 | D:4      | Noticed Dowan
  2561 | D:4      | Noticed Duvessa
  2563 | D:4      | Killed Dowan
  2566 | D:4      | HP: 13/53 [Duvessa/+0 short sword (13)]
  2569 | D:4      | HP: 4/53 [Duvessa/+0 short sword (10)]
  2570 | D:4      | Mangled by Duvessa

Levels and vault maps discovered:
D:1:      dpeg_arrival_three_same_balls, layout_basic
D:2:      layout_basic, minmay_randomly_rotated_circles
D:3:      layout_loops_ring, ebering_ghost_gozag, uniq_jessica, uniq_robin
D:4:      layout_loops_ring, nicolae_temple_entry_ecumenical,
          biasface_ghost_orc_armoury, chequers_serial_rivers_micro_e,
          minmay_misc_feat_pillars, uniq_duvessa

Skill      XL: |  1  2  3  4  5 |
---------------+----------------+-----
Ranged Weapons | 5 6 7 |  7.6
Fighting       | 3 4 |  4.4
Armour         | 1 |  1.1
Dodging        | |  2.1
Stealth        | |  0.7

Action                     |  1- 3 |  4- 6 || total
---------------------------+-------+-------++-------
   Fire: Shortbow          |   134 |   169 ||   303
    Use: Scroll            |     3 |     8 ||    11
         Potion            |     1 |       ||     1
 Armour: Leather armour    |     4 |    13 ||    17
         Ring mail         |       |    12 ||    12
  Dodge: Dodged            |    39 |    58 ||    97

Table legend:
 A = Non-vault XP
 B = Vault XP
 C = Vault XP percentage of total XP
 D = Non-vault monster count
 E = Vault monster count
 F = Vault count percentage of total count
                 A         B        C        D         E       F
            +---------+---------+-------+---------+---------+-------
      Total |     359 |     156 |  30.3 |      86 |      19 |  18.1
            +---------+---------+-------+---------+---------+-------
        D:1 |      60 |       0 |   0.0 |      33 |       0 |   0.0
        D:2 |      77 |      15 |  16.3 |      25 |       6 |  19.4
        D:3 |      84 |      72 |  46.2 |      17 |      12 |  41.4
        D:4 |     138 |      69 |  33.3 |      11 |       1 |   8.3
            +---------+---------+-------+---------+---------+-------
